 Dungeon Crawl Stone Soup version 0.22.0-40-g68aacdc (webtiles) character file.

1108 Lew the Covert (level 8, 0/54 HPs)
             Began as an Octopode Assassin on Sept 2, 2018.
             Slain by a gnoll
             ... wielding a +0 whip
              (10 damage)
             ... on level 6 of the Dungeon.
             The game lasted 00:06:57 (3584 turns).

Lew the Covert (Octopode Assassin)                  Turns: 3584, Time: 00:06:58

Health: 0/54       AC:  1    Str: 10    XL:     8   Next: 33%
Magic:  8/8        EV: 15    Int: 15    God:
Gold:   187        SH:  0    Dex: 16    Spells: 7/7 levels left

rFire    . . .     SeeInvis .   a - +2 dagger
rCold    . . .     Gourm    .   (no shield)
rNeg     . . .     Faith    .   (helmet restricted)
rPois    .         Spirit   .   (no amulet)
rElec    .         Reflect  .   (no ring)
rCorr    .         Harm     .   (no ring)
MR       +....                  (no ring)
Stlth    +++++.....             (no ring)
HPRegen  0.18/turn              (no ring)
MPRegen  0.11/turn              (no ring)
                                (no ring)
                                (no ring)

@: no status effects
A: almost no armour, stealthy swim, amphibious, 8 rings, constrict 8, tentacle
spike 1, camouflage 1, clever 1, magic resistance 1, gelatinous body 1
a: no special abilities


You were on level 6 of the Dungeon.
You were not hungry.

You visited 1 branch of the dungeon, and saw 6 of its levels.
You also visited: Sewer.

You collected 187 gold pieces.

Inventory:

Hand Weapons
 a - a +2 dagger (weapon)
 b - a +0 blowgun
Missiles
 c - 33 poisoned needles
 d - 2 curare-tipped needles
Jewellery
 w - an uncursed ring of protection from cold {unknown}
Wands
 k - a wand of digging (16)
 l - a wand of scattershot (3)
 q - a wand of random effects (8)
 u - a wand of flame (21)
Scrolls
 e - a scroll of remove curse
 m - a scroll of fear
 n - 2 scrolls of fog
 o - 3 scrolls of teleportation
Potions
 g - a potion of might
 h - a potion of brilliance
 i - a potion of agility
 j - a potion of mutation
 p - a potion of curing
 r - a potion of cancellation
 s - a potion of flight
 t - a potion of lignification
 x - a potion of magic
Comestibles
 f - 5 rations
 v - a chunk of flesh


   Skills:
 + Level 4.5 Fighting
 + Level 4.6 Short Blades
 - Level 2.0 Throwing
 + Level 4.2 Dodging
 * Level 10.1 Stealth


You had 7 spell levels left.
You didn't know any spells.
Your spell library was empty.

Dungeon Overview and Level Annotations

Branches:
Dungeon (6/15)
 Temple: D:4-7

Altars:
Ashenzari
Fedhas
Nemelex Xobeh

Annotations:
D:4 Sigmund


Innate Abilities, Weirdness & Mutations

You cannot wear most types of armour.
You are very stealthy in the water. (Stealth+)
You are amphibious.
You can wear up to eight rings at the same time.
You can use your tentacles to constrict eight enemies at once.
Your skin changes colour to match your surroundings (Stealth+).
Your rubbery body absorbs attacks. (AC +1, EV +1)
One of your tentacles bears a spike.
Your mind is acute. (Int +2)
You are resistant to hostile enchantments. (MR+)


Message History

You hit the gnoll sergeant. You grab the gnoll sergeant.
You pierce the gnoll sergeant, but do no damage.
The gnoll sergeant is lightly wounded.
You constrict the gnoll sergeant, but do no damage.
The gnoll hits you from afar with a halberd!
The gnoll sergeant hits you with a spear!
* * * LOW HITPOINT WARNING * * *
The gnoll barely misses you.
You release your grip on the gnoll sergeant.
The gnoll hits you with a whip.
* * * LOW HITPOINT WARNING * * *
The gnoll sergeant hits you from afar with a spear.
* * * LOW HITPOINT WARNING * * *
You see here a club.
There is an open door here.
As you read the scroll of fear, it crumbles to dust.
You assume a fearsome visage.
The gnoll sergeant looks frightened!
The gnoll looks frightened! x2; The gnoll resists with some effort.
The gnoll looks frightened!
The gnoll hits you with a whip!
You die...

...........#.....
....<.......#.<... ###
#...# #.....###...
##..###...###.....###...
#.....#.................
+...g.#.................
#...gg#.................
#...g)g................. .
#######@.###..##...##.##
...##...##..###..##...##.##
.......).).......#.......#.
.......).........#.......#.
.................#.......#.
##.##.#####'###..####...###
# ####....###..####...###
#......#.............
#......#.............


You could see a gnoll sergeant (fleeing) and 4 gnolls.

Vanquished Creatures
  Edmund (D:4)
  3 ogres
  2 big kobolds (Sewer)
  A howler monkey (D:5)
  A crimson imp (D:5)
  A hound (D:5)
  2 orc priests
  A centaur skeleton (D:4)
  6 orc wizards
  A worker ant (D:5)
  A gnoll (D:6)
  8 adders
  A river rat (Sewer)
  4 oozes
  An adder zombie (D:6)
  4 worms
  A dart slug (D:1)
  5 leopard geckos
  22 orcs
  4 bats
  4 giant cockroaches
  4 goblins
  6 hobgoblins
  A quokka (D:5)
  6 ball pythons
  A frilled lizard (D:1)
  11 kobolds
  7 rats
110 creatures vanquished.

Notes
Turn   | Place    | Note
-------+----------+-------------------------------------------
     0 | D:1      | Lew the Octopode Assassin began the quest for the Orb.
     0 | D:1      | Reached XP level 1. HP: 14/14 MP: 1/1
    85 | D:1      | Reached XP level 2. HP: 19/19 MP: 2/2
   751 | D:3      | Reached XP level 3. HP: 24/24 MP: 3/3
   781 | D:3      | Reached skill level 6 in Stealth
   986 | D:3      | Reached XP level 4. HP: 27/30 MP: 4/4
  1091 | D:4      | Noticed Sigmund
  1136 | D:4      | Found a glowing drain.
  1250 | Sewer    | Entered a sewer
  1264 | Sewer    | Reached XP level 5. HP: 16/36 MP: 5/5
  1466 | Sewer    | Reached skill level 7 in Stealth
  1740 | Sewer    | Noticed a big kobold
  1741 | Sewer    | Noticed a big kobold
  1747 | Sewer    | Killed a big kobold
  1747 | Sewer    | Reached XP level 6. HP: 40/42 MP: 6/6
  1791 | D:4      | Gained mutation: You are resistant to hostile enchantments. (MR+) [potion of mutation]
  1791 | D:4      | Gained mutation: One of your tentacles bears a spike. [potion of mutation]
  1791 | D:4      | Gained mutation: Your mind is acute. (Int +2) [potion of mutation]
  1815 | D:4      | Noticed Edmund
  1822 | D:4      | Killed Edmund
  1822 | D:4      | Reached skill level 8 in Stealth
  1822 | D:4      | Reached XP level 7. HP: 46/46 MP: 7/7
  2157 | D:4      | Found a sparkling altar of Nemelex Xobeh.
  2157 | D:4      | Found a blossoming altar of Fedhas.
  2176 | D:5      | Entered Level 5 of the Dungeon
  2252 | D:5      | Reached skill level 9 in Stealth
  2612 | D:5      | Reached XP level 8. HP: 20/54 MP: 8/8
  3199 | D:6      | Found a shattered altar of Ashenzari.
  3257 | D:6      | Reached skill level 10 in Stealth
  3584 | D:6      | Slain by a gnoll

Skill      XL: |  1  2  3  4  5  6  7  8 |
---------------+-------------------------+-----
Stealth        | 6 7 8 9 10 | 10.1
Dodging        | 2 3 4 |  4.2
Short Blades   | 3 4 |  4.6
Fighting       | 3 4 |  4.5
Throwing       | |  2.0

Action                   |  1- 3 |  4- 6 |  7- 9 || total
-------------------------+-------+-------+-------++-------
Melee: Dagger            |    57 |    80 |   107 ||   244
       Constrict         |     9 |    23 |    28 ||    60
       Tentacles         |    10 |    11 |    23 ||    44
       Kick              |       |       |    38 ||    38
  Use: Scroll            |       |     5 |     5 ||    10
       Potion            |       |     7 |       ||     7
 Stab: Sleeping          |    17 |     9 |     8 ||    34
       Distracted        |     1 |       |       ||     1
  Eat: Chunk             |       |     2 |     3 ||     5
       Ration            |       |     1 |       ||     1
Armor: Skin              |     2 |     3 |     1 ||     6
Dodge: Dodged            |    22 |    39 |    71 ||   132
